 Dungeon Crawl Stone Soup version 0.30.0-20-g3615ddf2f0 (webtiles) character file.

Game seed: 17138154993690957264

1717 qw the Cleaver (level 9, 0/55 HPs)
             Began as a Gargoyle Fighter on May 31, 2023.
             Was a Follower of Okawaru.
             Slain by an orc warrior
             ... wielding a +0 flail
              (12 damage)
             ... on level 5 of the Dungeon.
             The game lasted 00:03:00 (4683 turns).

qw the Cleaver (Gargoyle Fighter)                   Turns: 4683, Time: 00:03:00

Health: 0/55       AC:  7    Str: 23    XL:     9   Next: 4%
Magic:  9/10       EV:  9    Int: 10    God:    Okawaru [*.....]
Gold:   211        SH: 11    Dex: 15    Spells: 8/8 levels left

rFire   + . .        Y - +0 war axe
rCold   + . .        c - +0 buckler
rNeg    + . .        g - +2 plate armour
rPois   inf          (no helmet)
rElec   +            b - scarf {rC+ rF+}
rCorr   .            j - +1 pair of gloves
SInv    .            e - +0 pair of boots
Will    .....        n - amulet of reflection Stlth
                     k - +6 ring of dexterity
HPRegen 0.29/turn    (no ring)
MPRegen 0.12/turn

%: reflection
@: about to teleport, heroic, corroded
A: sickness immunity, AC +6, negative energy resistance 1, electricity
resistance, torment resistance 1, petrification resistance
a: Renounce Religion, Heroism


You were on level 5 of the Dungeon.
You worshipped Okawaru.
Okawaru was aware of your devotion.
You visited 2 branches of the dungeon, and saw 7 of its levels.

You collected 211 gold pieces.


Innate Abilities, Weirdness & Mutations

You are immune to sickness and miasma.
Your stone body is resilient. (AC +6)
You are immune to poison.
You resist negative energy. (rN+)
You are resistant to electric shocks. (rElec)
You are resistant to unholy torment.
You are immune to petrification.


   Skills:
 + Level 5.8(10.8) Fighting
 - Level 8.0(13.0) Axes
 - Level 1.4(6.4) Throwing
 - Level 5.3(10.3) Armour
 - Level 1.9(6.9) Dodging
 - Level 3.2(8.2) Shields
 + Level 2.6 Invocations


You had 8 spell levels left.
You didn't know any spells.
Your spell library was empty.

Inventory:

Hand Weapons
 l - a +1 heavy flail
 Y - a +0 war axe (weapon)
Missiles
 q - a boomerang (quivered)
Armour
 b - a scarf of resistance (worn)
 c - a +0 buckler (worn)
 e - a +0 pair of boots (worn)
 g - a +2 plate armour (worn)
 j - a +1 pair of gloves (worn)
 p - a +2 cloak
Jewellery
 k - a +6 ring of dexterity (left hand)
 n - an amulet of reflection (around neck)
Scrolls
 a - 4 scrolls of identify
Potions
 d - a potion of might
 f - a potion of haste
 i - a potion of attraction
 o - a potion of curing

Dungeon Overview and Level Annotations

Branches:
Dungeon (6/15)             Temple (1/1) D:5

Altars:
Ashenzari
Cheibriados
Dithmenos
Elyvilon
Fedhas
Gozag
Hepliaklqana
Kikubaaqudgha
Makhleb
Nemelex Xobeh
Okawaru
Qazlal
Ru
Sif Muna
Trog
Uskayaw
Vehumet
Wu Jian
Xom
Yredelemnul
Zin
The Shining One

Annotations:
D:2 1 runed translucent door, Crazy Yiuf


Message History

You block the rust devil's attack. The rust devil closely misses you.
The orc warrior hits you but does no damage. x2
You barely miss the orc warrior.
The orc warrior is heavily wounded.
You hit the rust devil. You closely miss the orc warrior.
You hit the rust devil. The rust devil barely misses you.
The rust devil hits you. The rust devil corrodes you!
You block the orc warrior's attack.
The orc warrior hits you but does no damage.
You barely miss the orc warrior.
The orc warrior is heavily wounded.
You barely miss the rust devil. You closely miss the orc warrior.
You hit the rust devil but do no damage.
The rust devil hits you. The rust devil corrodes you!
You block the rust devil's attack.
The orc warrior hits you with a +0 long sword.
The orc warrior barely misses you.
You hit the orc warrior but do no damage.
The orc warrior is heavily wounded.
You hit the rust devil but do no damage. x2
You hit the orc warrior but do no damage.
The rust devil hits you. The rust devil corrodes you! The rust devil hits you!
The rust devil corrodes you!
The orc warrior hits you with a +0 long sword.
You block the orc warrior's attack.
4682 ||| READING scroll of teleportation.
As you read the scroll of teleportation, it crumbles to dust.
You feel strangely unstable. The rust devil hits you.
The rust devil corrodes you! The rust devil barely misses you.
The orc warrior hits you with a +0 long sword!
You block the orc warrior's attack.
You hit the orc warrior but do no damage.
The orc warrior is heavily wounded.
You barely miss the rust devil. You barely miss the orc warrior.
You hit the rust devil but do no damage.
The rust devil misses you. The rust devil closely misses you.
The orc warrior barely misses you.
The orc warrior hits you with a +0 flail!
You die...

.## #..........#.### #..# ))#
#...#...##.....# ##.#
#.####))............# #.#
#...##.##...###.....## #<###
###..#)#..### ###....###...######
####.#.#.##)#+#)##....####.......
#........#7.....7#....# #######.
#.##.##.##.....44##...# #.
#.##....#\...8.o@>#...## ##
..####..##.....o.##....### # ###
#...#7.....7#...#...## #### #
#...##)#+#)##.#####..####... #
##...### ###....####.......# #
#.....###.................# #
##............^..#.#..##### #
###.....#######...##...#
####..%.####.......#.#


You could see 2 rust devils and 2 orc warriors.

Vanquished Creatures
  2 black bears
  2 ice beasts (D:6)
  A centaur (D:5)
  3 ogres
  A phantom (D:5)
  A bullfrog (D:4)
  A scorpion (D:6)
  3 howler monkeys (D:6)
  2 gnoll boudas (D:6)
  7 hounds
  2 jellies
  3 iguanas
  Natasha (D:3)
  11 gnolls
  6 adders
  An ufetubus (D:6)
  2 worms
  3 dart slugs
  12 orcs
  7 ball pythons
  7 endoplasms
  4 giant cockroaches
  10 goblins
  7 hobgoblins
  4 quokkas
  5 bats
  4 frilled lizards
  9 kobolds
  10 rats
131 creatures vanquished.

Notes
Turn   | Place    | Note
-------+----------+-------------------------------------------
     0 | D:1      | qw the Gargoyle Fighter began the quest for the Orb.
     0 | D:1      | Reached XP level 1. HP: 14/14 MP: 1/1
     0 | D:1      | 0 ||| qw: Version: 0.2-a-102-gfc559e5
     0 | D:1      | 0 ||| qw: Game counter: 518
     0 | D:1      | 0 ||| qw: Always use a shield: true
     0 | D:1      | 0 ||| qw: God list: Okawaru
     0 | D:1      | 0 ||| qw: Allow faded altars: false
     0 | D:1      | 0 ||| qw: Do Orc after D:15 true
     0 | D:1      | 0 ||| qw: Do second Lair branch before Depths: true
     0 | D:1      | 0 ||| qw: Lair rune preference: random
     0 | D:1      | 0 ||| qw: Plans: Normal, Zot:1-4, Slime:5, God:TSO, Crypt,
                  | Tomb, Pan, Hells, Abyss, Win
     0 | D:1      | 0 ||| PLANNING D:1-11
    64 | D:1      | Reached skill level 2 in Axes
   268 | D:1      | Reached XP level 2. HP: 19/19 MP: 2/2
   395 | D:1      | 395 ||| Stepping ~*~*~tactically~*~*~ (stealth).
   396 | D:1      | 396 ||| Stepping ~*~*~tactically~*~*~ (stealth).
   440 | D:1      | 440 ||| Stepping ~*~*~tactically~*~*~ (stealth).
   456 | D:1      | Reached skill level 3 in Axes
   458 | D:1      | Reached XP level 3. HP: 14/23 MP: 3/3
   881 | D:1      | 881 ||| UPGRADING to +0 plate armour.
   891 | D:1      | 891 ||| DROPPING +0 scale mail.
   892 | D:1      | 892 ||| UPGRADING to +6 ring of dexterity.
   893 | D:1      | 893 ||| DROPPING ring of wizardry.
   894 | D:1      | 894 ||| READING scroll labelled SEUBI EVOCAQORCH.
   895 | D:1      | 895 ||| READING 2 scrolls labelled RUERAA URIXKET.
   898 | D:1      | 898 ||| READING scroll labelled SIL DIUNLIUNAO.
   899 | D:1      | 899 ||| READING 3 scrolls labelled FIUPLEUCZIA.
   900 | D:1      | 900 ||| READING 2 scrolls of enchant armour.
   900 | D:1      | 900 ||| ENCHANTING +0 plate armour.
   901 | D:1      | 901 ||| READING scroll of enchant armour.
   901 | D:1      | 901 ||| ENCHANTING +1 plate armour.
  1178 | D:2      | 1178 ||| Stepping ~*~*~tactically~*~*~ (stealth).
  1268 | D:2      | Reached XP level 4. HP: 28/28 MP: 4/4
  1286 | D:2      | 1286 ||| DROPPING +0 whip.
  1301 | D:2      | Reached skill level 4 in Axes
  1564 | D:2      | 1564 ||| Stepping ~*~*~tactically~*~*~ (hiding).
  1585 | D:2      | 1585 ||| FLEEEEING.
  1589 | D:2      | 1589 ||| FLEEEEING.
  1590 | D:2      | 1590 ||| FLEEEEING.
  1600 | D:2      | 1600 ||| FLEEEEING.
  1607 | D:2      | 1607 ||| STAIRDANCE
  1623 | D:1      | 1623 ||| UPGRADING to scarf of resistance.
  1628 | D:1      | 1628 ||| UPGRADING to +0 pair of gloves.
  1633 | D:1      | 1633 ||| READING scroll labelled BOUCHA DEKOD.
  1634 | D:1      | 1634 ||| DRINKING 2 fuming coppery potions.
  1635 | D:1      | 1635 ||| READING 3 scrolls of identify.
  1635 | D:1      | 1635 ||| IDENTIFYING fuming amethyst potion
  1636 | D:1      | 1636 ||| DROPPING potion of ambrosia.
  1652 | D:2      | 1652 ||| DROPPING +2 whip of draining.
  1693 | D:2      | Found a runed translucent door.
  1694 | D:2      | Noticed Crazy Yiuf
  2016 | D:3      | Reached XP level 5. HP: 30/32 MP: 5/5
  2356 | D:3      | Found an opulent altar of Gozag.
  2474 | D:3      | Noticed Natasha
  2481 | D:3      | Killed Natasha
  2495 | D:3      | 2495 ||| Stepping ~*~*~tactically~*~*~ (hiding).
  2506 | D:3      | Reached skill level 5 in Axes
  2619 | D:3      | 2619 ||| UPGRADING to amulet of reflection.
  2624 | D:3      | 2624 ||| READING scroll labelled ROEMEM BYXEAC.
  2625 | D:3      | 2625 ||| READING scroll labelled ENERHIARETY.
  2626 | D:3      | 2626 ||| READING scroll labelled XUBIXK ZUNO BUEJU.
  2627 | D:3      | 2627 ||| READING 2 scrolls of identify.
  2627 | D:3      | 2627 ||| IDENTIFYING black potion
  2768 | D:4      | Reached skill level 1 in Dodging
  2768 | D:4      | Reached XP level 6. HP: 36/37 MP: 6/6
  3087 | D:4      | Found a white marble altar of Elyvilon.
  3118 | D:4      | 3118 ||| Stepping ~*~*~tactically~*~*~ (hiding).
  3189 | D:4      | Found a snail-covered altar of Cheibriados.
  3261 | D:4      | 3261 ||| Stepping ~*~*~tactically~*~*~ (stealth).
  3263 | D:4      | 3263 ||| Stepping ~*~*~tactically~*~*~ (hiding).
  3285 | D:4      | 3285 ||| Stepping ~*~*~tactically~*~*~ (stealth).
  3298 | D:4      | 3298 ||| READING scroll of enchant armour.
  3298 | D:4      | 3298 ||| ENCHANTING +0 pair of gloves.
  3559 | D:4      | 3559 ||| DROPPING ring of magical power.
  3560 | D:4      | 3560 ||| READING scroll labelled HOCWOU MU MISSI.
  3561 | D:4      | 3561 ||| DRINKING 2 viscous yellow potions.
  3587 | D:5      | Entered Level 5 of the Dungeon
  3599 | D:5      | Found a basalt altar of Yredelemnul.
  3606 | D:5      | 3606 ||| Stepping ~*~*~tactically~*~*~ (stealth).
  3667 | D:5      | 3667 ||| DROPPING +0 flail.
  3670 | D:5      | Found a sacrificial altar of Ru.
  3685 | D:5      | Found a stormy altar of Qazlal.
  3708 | D:5      | Reached XP level 7. HP: 37/43 MP: 7/7
  3777 | D:5      | Found a staircase to the Ecumenical Temple.
  3778 | D:5      | 3778 ||| PLANNING TEMPLE
  3778 | D:5      | 3778 ||| UPGRADING to +0 pair of boots.
  3791 | D:5      | Reached skill level 6 in Axes
  3798 | Temple   | Entered the Ecumenical Temple
  3844 | Temple   | 3844 ||| PLANNING D:1-11
  4008 | D:5      | 4008 ||| Stepping ~*~*~tactically~*~*~ (stealth).
  4071 | D:5      | Found an iron altar of Okawaru.
  4072 | D:5      | 4072 ||| PLANNING OKAWARU WORSHIP
  4077 | D:5      | 4077 ||| READING scroll labelled ATHORUFOSU.
  4085 | D:5      | Became a worshipper of Warmaster Okawaru
  4085 | D:5      | 4085 ||| PLANNING D:1-11
  4227 | D:6      | Reached skill level 7 in Axes
  4227 | D:6      | Reached XP level 8. HP: 48/48 MP: 8/8
  4315 | D:6      | Reached skill level 1 in Throwing
  4352 | D:6      | Reached * piety under Okawaru
  4357 | D:6      | Reached skill level 1 in Invocations
  4373 | D:6      | 4373 ||| Stepping ~*~*~tactically~*~*~ (stealth).
  4392 | D:6      | 4392 ||| Stepping ~*~*~tactically~*~*~ (stealth).
  4405 | D:6      | 4405 ||| INVOKING Heroism.
  4475 | D:6      | 4475 ||| FLEEEEING.
  4476 | D:6      | 4476 ||| FLEEEEING.
  4477 | D:6      | 4477 ||| FLEEEEING.
  4478 | D:6      | 4478 ||| FLEEEEING.
  4479 | D:6      | 4479 ||| FLEEEEING.
  4480 | D:6      | 4480 ||| FLEEEEING.
  4481 | D:6      | 4481 ||| FLEEEEING.
  4482 | D:6      | 4482 ||| FLEEEEING.
  4483 | D:6      | 4483 ||| FLEEEEING.
  4484 | D:6      | 4484 ||| FLEEEEING.
  4485 | D:6      | 4485 ||| FLEEEEING.
  4486 | D:6      | 4486 ||| FLEEEEING.
  4487 | D:6      | 4487 ||| FLEEEEING.
  4488 | D:6      | 4488 ||| FLEEEEING.
  4489 | D:6      | 4489 ||| FLEEEEING.
  4506 | D:6      | 4506 ||| STAIRDANCE
  4510 | D:6      | 4510 ||| STAIRDANCE
  4514 | D:6      | 4514 ||| STAIRDANCE
  4518 | D:6      | 4518 ||| STAIRDANCE
  4522 | D:6      | 4522 ||| STAIRDANCE
  4526 | D:6      | 4526 ||| STAIRDANCE
  4530 | D:6      | 4530 ||| STAIRDANCE
  4534 | D:6      | 4534 ||| STAIRDANCE
  4538 | D:6      | 4538 ||| STAIRDANCE
  4542 | D:6      | 4542 ||| STAIRDANCE
  4546 | D:6      | 4546 ||| STAIRDANCE
  4550 | D:6      | 4550 ||| STAIRDANCE
  4554 | D:6      | 4554 ||| STAIRDANCE
  4558 | D:6      | 4558 ||| STAIRDANCE
  4562 | D:6      | 4562 ||| STAIRDANCE
  4566 | D:6      | 4566 ||| STAIRDANCE
  4570 | D:6      | 4570 ||| STAIRDANCE
  4574 | D:6      | 4574 ||| STAIRDANCE
  4578 | D:6      | 4578 ||| STAIRDANCE
  4582 | D:6      | 4582 ||| STAIRDANCE
  4609 | D:6      | 4609 ||| FLEEEEING.
  4610 | D:6      | 4610 ||| FLEEEEING.
  4611 | D:6      | 4611 ||| FLEEEEING.
  4633 | D:6      | 4633 ||| FLEEEEING.
  4634 | D:6      | 4634 ||| FLEEEEING.
  4635 | D:6      | 4635 ||| FLEEEEING.
  4636 | D:6      | 4636 ||| FLEEEEING.
  4637 | D:6      | 4637 ||| FLEEEEING.
  4638 | D:6      | 4638 ||| FLEEEEING.
  4639 | D:6      | 4639 ||| FLEEEEING.
  4640 | D:6      | 4640 ||| INVOKING Heroism.
  4644 | D:6      | Reached skill level 8 in Axes
  4650 | D:6      | Reached XP level 9. HP: 51/55 MP: 8/10
  4670 | D:5      | Noticed a rust devil
  4670 | D:5      | Noticed a rust devil
  4671 | D:5      | 4671 ||| INVOKING Heroism.
  4682 | D:5      | 4682 ||| READING scroll of teleportation.
  4682 | D:5      | HP: 12/55 [orc warrior/+0 long sword (9)]
  4683 | D:5      | Slain by an orc warrior

Levels and vault maps discovered:
D:1:      sevenhm_arrival_forest_fort_large_3, layout_basic, nrook_mini_vaults
D:2:      layout_loops_ring, uniq_crazy_yiuf_cottage
D:3:      layout_basic, old_standard_altar, uniq_natasha
D:4:      layout_loops_corners, kennysheep_slug_shrine, elyvilon_altar_3,
          chequers_mini_garden
D:5:      cheibrodos_iron_armory, layout_rooms,
          nicolae_overflow_quartered_altars,
          minmay_temple_entry_statues_fountains, minmay_tree_intersection,
          dk_rats_in_the_wall
D:6:      lemuel_castle_with_subvaults [lemuel_castle_interior_carwin_1],
          layout_cave_pools, serial_park, serial_park_tiny_pond,
          serial_park_square2, serial_park_gazebo [serial_park_minivault_5x5_3],
          minmay_manual_monolith
Temple:   eino_wide_crystal_templ

Skill      XL: |  1  2  3  4  5  6  7  8 |
---------------+-------------------------+-----
Axes           | 2 3 4 5 7 8 |  8.0
Dodging        | 1 |  1.9
Fighting       | 4 5 |  5.8
Armour         | 4 5 |  5.3
Throwing       | 1 |  1.4
Invocations    | 2 |  2.6
Shields        | |  3.2

Action                     |  1- 3 |  4- 6 |  7- 9 || total
---------------------------+-------+-------+-------++-------
  Melee: War axe           |   132 |   178 |   127 ||   437
  Throw: Boomerang         |       |     7 |    47 ||    54
 Invoke: Heroism           |       |       |     3 ||     3
    Use: Scroll            |     6 |     8 |     2 ||    16
         Potion            |       |     2 |       ||     2
 Armour: Scale mail        |    45 |       |       ||    45
         Plate armour      |    26 |   106 |    75 ||   207
  Dodge: Dodged            |    40 |    32 |    42 ||   114
  Block: Buckler           |    28 |    62 |    68 ||   158
         Reflection        |       |     5 |       ||     5

Table legend:
 A = Non-vault XP
 B = Vault XP
 C = Vault XP percentage of total XP
 D = Non-vault monster count
 E = Vault monster count
 F = Vault count percentage of total count
                 A         B        C        D         E       F
            +---------+---------+-------+---------+---------+-------
      Total |    1649 |     804 |  32.8 |     110 |      21 |  16.0
            +---------+---------+-------+---------+---------+-------
        D:1 |      46 |       0 |   0.0 |      25 |       0 |   0.0
        D:2 |     111 |       0 |   0.0 |      25 |       0 |   0.0
        D:3 |      37 |      33 |  47.1 |      15 |       1 |   6.2
        D:4 |     246 |       4 |   1.6 |      21 |       1 |   4.5
        D:5 |     688 |       0 |   0.0 |      16 |       0 |   0.0
        D:6 |     521 |     767 |  59.5 |       8 |      19 |  70.4
            +---------+---------+-------+---------+---------+-------
